 Dungeon Crawl Stone Soup version 0.29.0-7-g18a832c13a (webtiles) character file.

Game seed: 16832838613141048181

715 Ijustatesigmund the Chopper (level 7, -10/66 HPs)
             Began as a Hill Orc Fighter on Sept 1, 2022.
             Mangled by Blork the orc
             ... wielding a +3 vorpal halberd
              (13 damage)
             ... on level 4 of the Dungeon.
             The game lasted 00:06:15 (4055 turns).

Ijustatesigmund the Chopper (Hill Orc Fighter)      Turns: 4055, Time: 00:06:16

Health: -10/66     AC:  9    Str: 25    XL:     7   Next: 69%
Magic:  7/7        EV: 13    Int:  7    God:
Gold:   160        SH:  4    Dex:  9    Spells: 6/6 levels left

rFire   . . .      SeeInvis .   a - +0 war axe
rCold   + . .      Faith    .   c - +0 buckler
rNeg    . . .      Spirit   .   b - +0 scale mail
rPois   .          Reflect  .   (no helmet)
rElec   .          Harm     .   k - +0 cloak
rCorr   .          Rampage  .   n - +0 pair of gloves
Will    .....                   (no boots)
Stlth   ..........              (no amulet)
HPRegen 0.21/turn               f - +4 ring of evasion
MPRegen 0.10/turn               (no ring)

@: mighty
A: cold resistance 1, strong 1
a: no special abilities


You were on level 4 of the Dungeon.
You visited 1 branch of the dungeon, and saw 4 of its levels.

You collected 160 gold pieces.

Inventory:

Hand Weapons
 a - a +0 war axe (weapon)
Armour
 b - a +0 scale mail (worn)
 c - a +0 buckler (worn)
 k - a +0 cloak (worn)
 n - a +0 pair of gloves (worn)
Jewellery
 f - a +4 ring of evasion (left hand)
 h - a ring of wizardry
Wands
 e - a wand of roots (5)
 t - a wand of digging (2)
 w - a wand of charming (1)
Scrolls
 j - a scroll of magic mapping {unknown}
 m - a scroll of teleportation {unknown}
 o - 2 scrolls of noise
 q - a scroll of acquirement {unknown}
 r - a scroll of enchant weapon {unknown}
 s - a scroll of immolation {unknown}
 u - a scroll of identify
Potions
 g - a potion of lignification
 i - a potion of attraction
 l - a potion of magic
 p - a potion of curing


   Skills:
 + Level 7.6 Fighting
 + Level 7.7 Axes
 + Level 4.1 Armour
 - Level 3.2 Shields


You had 6 spell levels left.
You didn't know any spells.
Your spell library contained the following spells:

 Spells                   Type           Power      Damage    Failure   Level
 Magic Dart               Conj           0%         1d3       80%         1
 Call Imp                 Summ           0%         N/A       91%         2
 Conjure Flame            Conj/Fire      0%         6-21      99%         3
 Gell's Gravitas          Tloc           0%         N/A       99%         3
 Ignite Poison            Fire/Tmut/Pois 0%         N/A       99%         3
 Mephitic Cloud           Conj/Pois/Air  0%         N/A       99%         3
 Teleport Other           Tloc           0%         N/A       99%         3
 Sticky Flame             Conj/Fire      0%         2d3       100%        4
 Freezing Cloud           Conj/Ice/Air   0%         6-21      100%        5
 Dispersal                Tloc           0%         N/A       100%        6


Dungeon Overview and Level Annotations

Branches:
Dungeon (4/15)
 Temple: D:4-7

Altars:
Gozag
Okawaru

Annotations:
D:1 2 transporters
D:4 Blork the orc


Innate Abilities, Weirdness & Mutations

Your flesh is cold resistant. (rC+)
Your muscles are strong. (Str +4, Int/Dex -1)


Message History

You barely miss the iguana.
The iguana is almost dead.
The iguana closely misses you.
You slash the iguana!
You kill the iguana!
You slash the shadow imp!
The shadow imp is severely wounded.
You block the shadow imp's attack. Blork the orc closely misses you.
You feel very mighty all of a sudden. Blork the orc misses you.
The shadow imp misses you.
You feel better. Blork the orc misses you.
The shadow imp hits you but does no damage.
Blork the orc hits you from afar with a +3 vorpal halberd!
You slice the shadow imp!!
You kill the shadow imp!
Blork the orc hits you from afar with a +3 vorpal halberd!
* * * LOW HITPOINT WARNING * * *
x2 A giant cockroach comes into view.
Blork the orc points at you and mumbles some strange words.
The magic dart hits you but does no damage.
The giant cockroach moves out of view.
Aiming: Fastroot
Press: ? - help, Shift-Dir - straight line, f - Blork the orc
Aim: Blork the orc, wielding a +3 vorpal halberd and wearing a +0 robe (fast)
The roots erupt in riotous growth!
Roots grab Blork the orc.
Roots grab the giant cockroach.
The grasping roots constrict the giant cockroach.
You kill the giant cockroach!
The grasping roots constrict Blork the orc.
You hear an angry hiss.
Blork the orc hits you from afar with a +3 vorpal halberd!
* * * LOW HITPOINT WARNING * * *
x2
Okay, then.
The grasping roots constrict Blork the orc.
The roots release their grip on Blork the orc.
Blork the orc looks satisfied for a moment.
It was a potion of mutation.
You feel extremely strange.
You feel stronger.
You feel resistant to cold.
Blork the orc hits you from afar with a +3 vorpal halberd!
You die...

###### #....#
#....#
#########....#
.............#####
#######.#........#
# #...#.....##?.
### #.###...@.#
..## #.# ###)#..#
#... ####.###
#o##.... ..#
#......# #.# #####
.# ##......# #B.
.# #.......# ..#
.# ##...†...# ..#
.###...###### ..#
(##....######....


You could see Blork the orc (fast) and a giant cockroach.

Vanquished Creatures
  2 ogres (D:4)
  A scorpion (D:4)
  A gnoll sergeant (D:4)
  A necrophage (D:4)
  2 jellies (D:4)
  Crazy Yiuf (D:2)
  2 iguanas (D:4)
  Ijyb (D:3)
  4 gnolls
  5 adders
  A shadow imp (D:4)
  A worm (D:4)
  8 orcs
  15 ball pythons
  8 endoplasms
  3 giant cockroaches
  13 goblins
  11 hobgoblins
  5 jackals
  6 quokkas
  3 bats
  4 frilled lizards
  4 kobolds
  5 rats
107 creatures vanquished.

Vanquished Creatures (others)
  3 plants (D:3)
3 creatures vanquished.

Grand Total: 110 creatures vanquished

Notes
Turn   | Place    | Note
-------+----------+-------------------------------------------
     0 | D:1      | Ijustatesigmund the Hill Orc Fighter began the quest for
                  | the Orb.
     0 | D:1      | Reached XP level 1. HP: 19/19 MP: 1/1
    30 | D:1      | Found a faded altar of an unknown god.
   260 | D:1      | Reached XP level 2. HP: 22/27 MP: 2/2
  1319 | D:2      | Reached XP level 3. HP: 14/34 MP: 3/3
  1748 | D:1      | Reached XP level 4. HP: 32/41 MP: 4/4
  1823 | D:2      | Reached skill level 5 in Fighting
  2151 | D:2      | Found a runed translucent door.
  2152 | D:2      | Noticed Crazy Yiuf
  2159 | D:2      | Killed Crazy Yiuf
  2160 | D:2      | Reached skill level 5 in Axes
  2160 | D:2      | Reached XP level 5. HP: 48/48 MP: 5/5
  2688 | D:3      | Noticed Ijyb
  2704 | D:3      | Killed Ijyb
  3060 | D:3      | Found an iron altar of Okawaru.
  3176 | D:3      | Found an opulent altar of Gozag.
  3495 | D:4      | Reached XP level 6. HP: 50/57 MP: 6/6
  3785 | D:4      | Reached XP level 7. HP: 65/66 MP: 7/7
  4045 | D:4      | Noticed Blork the orc
  4053 | D:4      | HP: 3/66 [Blork the orc/+3 vorpal halberd (1)]
  4055 | D:4      | Gained mutation: Your muscles are strong. (Str +4, Int/Dex
                  | -1) [potion of mutation]
  4055 | D:4      | Gained mutation: Your flesh is cold resistant. (rC+)
                  | [potion of mutation]
  4055 | D:4      | Mangled by Blork the orc

Illustrated notes

Levels and vault maps discovered:
D:1:      spicycebolla_arrival_transporter_tutorial, layout_loops_ring,
          nicolae_ecumenical_snake_handling, minmay_misc_feat_columns,
          kennysheep_small_spiral, minivault_11, minmay_misc_feat_roman
D:2:      layout_basic, uniq_crazy_yiuf_cottage
D:3:      kennysheep_the_goblin_king, layout_basic, mainiacjoe_overflow_catwalk,
          nicolae_gozag_cash_rules_everything_around_me, serial_bayou_lake_a
D:4:      layout_rooms, minmay_manual_monstrance, uniq_blork_the_orc

Skill      XL: |  1  2  3  4  5  6  7 |
---------------+----------------------+-----
Axes           | 3 4 5 6 7 |  7.7
Fighting       | 4 5 6 7 |  7.6
Armour         | 4 |  4.1
Shields        | |  3.2

Action                   |  1- 3 |  4- 6 |  7- 9 || total
-------------------------+-------+-------+-------++-------
Melee: War axe           |    90 |   177 |    55 ||   322
Evoke: Wand              |       |       |     1 ||     1
  Use: Scroll            |     6 |     7 |       ||    13
       Potion            |       |     4 |     5 ||     9
 Stab: Invisible         |       |     1 |     2 ||     3
Armor: Scale mail        |    45 |    43 |    16 ||   104
Dodge: Dodged            |    79 |   135 |    40 ||   254
Block: Buckler           |    21 |    39 |    11 ||    71
